 Dungeon Crawl Stone Soup version 0.29-a0-1033-gb6c65ffae6 (webtiles) character file.

Game seed: 2064373845257122043

30 gelatine the Firebug (level 3, -2/24 HPs)
             Began as a Demonspawn Fire Elementalist on Aug 14, 2022.
             Slain by Terence
             ... wielding a +0 hand axe
              (6 damage)
             ... on level 2 of the Dungeon.
             The game lasted 00:04:18 (1191 turns).

gelatine the Firebug (Demonspawn Fire Elementalist) Turns: 1191, Time: 00:04:19

Health: -2/24      AC:  4    Str:  8    XL:     3   Next: 3%
Magic:  6/6        EV:  9    Int: 18    God:
Gold:   79         SH:  0    Dex: 13    Spells: 3/6 levels left

rFire   . . .      SeeInvis .   g - +0 dagger
rCold   . . .      Faith    .   (no shield)
rNeg    . . .      Spirit   .   a - +0 robe
rPois   .          Reflect  .   (no helmet)
rElec   .          Harm     .   (no cloak)
rCorr   .          Rampage  .   (no gloves)
Will    .....                   (no boots)
Stlth   ++........              (no amulet)
HPRegen 0.08/turn               (no ring)
MPRegen 0.10/turn               (no ring)

@: constricted
A: thin metallic scales 1, demonic magic 1
a: no special abilities


You were on level 2 of the Dungeon.
You visited 1 branch of the dungeon, and saw 2 of its levels.

You collected 79 gold pieces.

Inventory:

Hand Weapons
 g - a +0 dagger (weapon)
 h - a +0 short sword
Missiles
 i - 4 poisoned darts
Armour
 a - a +0 robe (worn)
Scrolls
 d - 4 scrolls of identify {unknown}
 e - 2 scrolls of teleportation {unknown}
 j - 4 scrolls of enchant weapon {unknown}
 m - a scroll of brand weapon {unknown}
Potions
 c - 2 potions of lignification {unknown}
 f - 3 potions of curing {unknown}
 k - a potion of mutation {unknown}
 l - a potion of brilliance {unknown}
 n - a potion of might {unknown}


   Skills:
 + Level 1.7 Dodging
 + Level 1.9 Stealth
 + Level 2.4 Spellcasting
 + Level 1.0 Conjurations
 + Level 3.4 Fire Magic


You had 3 spell levels left.
You knew the following spells:

 Your Spells              Type           Power      Damage    Failure   Level
a - Foxfire               Conj/Fire      40%        2x1d6     7%          1
b - Scorch                Fire           28%        2d6       6%          2

Your spell library contained the following spells:

 Spells                   Type           Power      Damage    Failure   Level
 Conjure Flame            Conj/Fire      10%        6-21      21%         3
 Inner Flame              Hex/Fire       8%         N/A       26%         3
 Flame Wave               Conj/Fire      10%        2d6       56%         4
 Dispersal                Tloc           1%         N/A       100%        6
 Disjunction              Tloc           1%         N/A       100%        8


Dungeon Overview and Level Annotations

Branches:
Dungeon (2/15)

Altars:

Shops:
D:1 (

Annotations:
D:2 Terence


Innate Abilities, Weirdness & Mutations

You are partially covered in thin metallic scales. (AC +2)
Spells you cast may paralyse adjacent enemies.


Message History

Terence hits you but does no damage.
You barely miss Terence.
Terence is severely wounded.
Terence shouts, "Get ready for death!"
Terence hits you with a +0 hand axe.
You hit Terence but do no damage.
Terence is severely wounded.
Terence barely misses you. The ball python closely misses you.
The ball python grabs you. The ball python constricts you.
Casting: Scorch (safe; 6% risk of failure)
Confirm with . or Enter, or press ? or * to list all spells.
You conjure some foxfire!
Malevolent energies surge around you.
The ball python bites you but does no damage.
The ball python constricts you. Terence hits you with a +0 hand axe.
* * * LOW HITPOINT WARNING * * *
Terence hits your foxfire with a +0 hand axe.
You closely miss Terence.
Terence is severely wounded.
The foxfire hits Terence.
Terence is almost dead.
The ball python misses you. The ball python constricts you.
Terence closely misses you.
You escape the ball python's grasp.
Terence hits you but does no damage.
You see here 6 stones.
You hit Terence.
Terence is almost dead.
The ball python bites you.
* * * LOW HITPOINT WARNING * * *
The ball python grabs you. The ball python constricts you.
Terence barely misses you.
You hit Terence but do no damage.
Terence is almost dead.
The ball python closely misses you. The ball python constricts you.
Terence barely misses you. Magic courses through your body.
The ball python bites you but does no damage.
The ball python constricts you.
* * * LOW HITPOINT WARNING * * *
Terence hits you with a +0 hand axe.
You die...

#.# #.# #.# #.#
##.## #########.?.##
##............#
######...###.##.@S.#
..............v#@#.#
...##...†..#.#.#.#.#
#......<........#.#
##.##.#.#..#.#.### #
##.##..........
##.####.#####...
##.# #... .... ##.#
####### ##.#


You could see Terence and a ball python.

Vanquished Creatures
  A worm (D:2)
  3 dart slugs
  A giant cockroach (D:2)
  3 quokkas (D:1)
  2 ball pythons
  2 bats (D:1)
  6 frilled lizards (D:1)
  2 goblins (D:1)
  2 kobolds (D:1)
  2 rats (D:1)
24 creatures vanquished.

Vanquished Creatures (others)
  63 foxfires
63 creatures vanquished.

Grand Total: 87 creatures vanquished

Notes
Turn   | Place    | Note
-------+----------+-------------------------------------------
     0 | D:1      | gelatine the Demonspawn Fire Elementalist began the quest
                  | for the Orb.
     0 | D:1      | Reached XP level 1. HP: 13/13 MP: 3/3
     0 | D:1      | Noticed a minotaur skeleton
     6 | D:1      | Noticed a demonspawn
     9 | D:1      | Noticed a draconian
    14 | D:1      | Noticed a minotaur zombie
    20 | D:1      | Noticed a barachi
   248 | D:1      | Reached skill level 3 in Fire Magic
   367 | D:1      | Gained mutation: Spells you cast may paralyse adjacent
                  | enemies. [demonic ancestry]
   367 | D:1      | Reached XP level 2. HP: 18/19 MP: 3/5
   679 | D:1      | Found Ziduzenk's Weapon Shop.
   841 | D:1      | Learned a level 2 spell: Scorch
  1092 | D:2      | Gained mutation: You are partially covered in thin metallic
                  | scales. (AC +2) [demonic ancestry]
  1092 | D:2      | Reached XP level 3. HP: 23/24 MP: 3/6
  1169 | D:2      | Noticed Terence
  1191 | D:2      | Slain by Terence

Illustrated notes

Levels and vault maps discovered:
D:1:      shiori_arrival_whats_in_store_for_you, layout_rooms, serial_shops,
          nicolae_shop_bloodbath_and_beyond
D:2:      layout_loops_ring, uniq_terence

Skill      XL: |  1 |
---------------+----+-----
Fire Magic     | 3 |  3.4
Dodging        | |  1.7
Stealth        | |  1.9
Spellcasting   | |  2.4
Conjurations   | |  1.0

Action                   || total
-------------------------++-------
Melee: Dagger            ||    34
 Cast: Foxfire           ||    40
       Scorch            ||     1
  Use: Potion            ||     1
 Stab: Paralysed         ||     2
Armor: Robe              ||    10
Dodge: Dodged            ||    17

Table legend: (Time is in decaauts)
 A = Elapsed time spent in this place.
 B = Non-inter-level travel time spent in this place.
 C = Inter-level travel time spent in this place.
 D = Time resting spent in this place.
 E = Time spent auto-exploring this place.
 F = Levels seen in this place.
 G = Mean time per level.
                   A        B        C        D        E       F      G
               +--------+--------+--------+--------+--------+-----+--------+
         Total |   1190 |   1134 |     56 |     13 |    926 |   2 |  595.0 |
       Dungeon |   1190 |   1134 |     56 |     13 |    926 |   2 |  595.0 |
               +--------+--------+--------+--------+--------+-----+--------+

Top non-repeatable levels by time:
     D:1: 864 daAuts
     D:2: 325 daAuts
